 Dungeon Crawl Stone Soup version 0.28-a0-1184-g53156a8862 (webtiles) character file.

Game seed: 623773982827973781

2589 Gwenloh the Schismatic (level 9, -6/71 HPs)
             Began as a Demonspawn Abyssal Knight on Dec 17, 2021.
             Was an Elder of Lugonu.
             Killed from afar by an electric eel (8 damage)
             ... with a bolt of electricity
             ... on level 7 of the Dungeon.
             The game lasted 00:28:37 (10263 turns).

Gwenloh the Schismatic (Demonspawn Abyssal Knight) Turns: 10263, Time: 00:28:38

Health: -6/71      AC: 13    Str: 14    XL:     9   Next: 33%
Magic:  0/15       EV: 11    Int: 11    God:    Lugonu [****..]
Gold:   197        SH: 11    Dex: 24    Spells: 8/8 levels left

rFire   . . .      SeeInvis +   l - +0 whip (elec)
rCold   . . .      Faith    .   j - +0 kite shield
rNeg    . . .      Spirit   +   h - +0 ring mail
rPois   .          Reflect  .   (no helmet)
rElec   .          Harm     .   m - +0 cloak
rCorr   .          Rampage  .   (no gloves)
Will    .....                   (no boots)
Stlth   +.........              (no amulet)
HPRegen 0.21/turn               p - +6 ring of dexterity
MPRegen 0.28/turn               x - ring of see invisible

@: sanguine armoured, very slow
A: claws 2, magic shield, magic regeneration, sanguine armour 1
a: Renounce Religion, Depart the Abyss, Bend Space, Banish, Corrupt


You were on level 7 of the Dungeon.
You worshipped Lugonu.
Lugonu was greatly pleased with you.
You visited 1 branch of the dungeon, and saw 7 of its levels.
You visited the Abyss 1 time.

You collected 197 gold pieces.

Inventory:

Hand Weapons
 a - a +1 mace
 l - a +0 whip of electrocution (weapon)
 u - a +0 flail
Missiles
 k - 96 stones (quivered)
 t - 32 poisoned darts
Armour
 b - a +0 leather armour
 h - a +0 ring mail (worn)
 j - a +0 kite shield (worn)
 m - a +0 cloak (worn)
Jewellery
 p - a +6 ring of dexterity (left claw)
 x - a ring of see invisible (right claw)
Wands
 C - a wand of acid (9)
 G - a wand of iceblast (6)
Scrolls
 c - a scroll of fog
 d - 4 scrolls of enchant weapon
 f - a scroll of immolation
 g - a scroll of vulnerability
 i - 3 scrolls of blinking
 q - a scroll of magic mapping
 s - a scroll of amnesia
 w - 2 scrolls of summoning
 y - 2 scrolls of teleportation
 B - a scroll of brand weapon
 E - a scroll of holy word
Potions
 e - a potion of heal wounds
 n - 3 potions of curing {unknown}
 o - 5 potions of mutation {unknown}
 r - 4 potions of resistance {unknown}
 v - a potion of lignification {unknown}
 z - 2 potions of brilliance {unknown}
 A - a potion of flight {unknown}
 D - a potion of haste {unknown}
 H - a potion of cancellation {unknown}


   Skills:
 + Level 6.6 Fighting
 * Level 5.6 Maces & Flails
 + Level 4.2 Armour
 + Level 3.9 Dodging
 + Level 3.6 Shields
 * Level 8.2 Invocations


You had 8 spell levels left.
You didn't know any spells.
Your spell library contained the following spells:

 Spells                   Type           Power      Damage    Failure   Level
 Magic Dart               Conj           0%         1d3       97%         1
 Call Imp                 Summ           0%         N/A       99%         2
 Corpse Rot               Necr/Air       0%         N/A       99%         2
 Poisonous Vapours        Pois/Air       0%         N/A       99%         2
 Sublimation of Blood     Necr           0%         N/A       99%         2
 Frozen Ramparts          Ice            0%         1d2       100%        3
 Mephitic Cloud           Conj/Pois/Air  0%         N/A       100%        3
 Ice Form                 Ice/Tmut       0%         N/A       100%        4
 Passage of Golubria      Tloc           0%         N/A       100%        4
 Petrify                  Tmut/Erth      0%         N/A       100%        4
 Summon Ice Beast         Ice/Summ       0%         N/A       100%        4
 Irradiate                Conj/Tmut      0%         3d13      100%        5
 Silence                  Hex/Air        0%         N/A       100%        5
 Lehudib's Crystal Spear  Conj/Erth      0%         10d2      100%        8


Dungeon Overview and Level Annotations

Branches:
Dungeon (7/15)             Temple (0/1) D:6

Altars:

Shops:
D:6 *


Innate Abilities, Weirdness & Mutations

You have very sharp fingernails.
When hurt, damage is shared between your health and your magic reserves.
You regenerate magic rapidly.
When seriously injured, your blood forms armour. (AC +6)


Message History

The electric eel shoots out a bolt of lightning at you!
The bolt of electricity hits you!
Your blood congeals into armour.
You hit the electric eel.
The electric eel is severely wounded.
The electric eel shoots out a bolt of lightning at you!
The bolt of electricity hits you.
You hit the electric eel.
The electric eel is severely wounded.
An electric eel comes into view.
The electric eel shoots out a bolt of lightning at you!
The bolt of electricity hits you!
You hit the electric eel.
The electric eel is severely wounded.
You hit the electric eel.
The electric eel is almost dead.
The electric eel shoots out a bolt of lightning at you!
The bolt of electricity hits you!
* * * LOW HITPOINT WARNING * * *
The electric eel shoots out a bolt of lightning at you!
The bolt of electricity hits you.
* * * LOW HITPOINT WARNING * * *
The electric eel shoots out a bolt of lightning at you!
The bolt of electricity hits you.
* * * LOW HITPOINT WARNING * * *
The electric eel shoots out a bolt of lightning at you!
The bolt of electricity hits you.
* * * LOW HITPOINT WARNING * * *
Space bends around you!
You blink.
Splash!
You fall into the shallow water.
Moving in this stuff is going to be slow.
Space bends sharply around you!
The electric eel blinks!
You blink.
Splash!
The electric eel shoots out a bolt of lightning at you!
The bolt of electricity hits you.
* * * LOW HITPOINT WARNING * * *
Unknown command.
The electric eel shoots out a bolt of lightning at you!
The bolt of electricity hits you!
You die...

.... ..#...#♣ ♣≈♣
### ##.#≈♣§≈♣♣ ≈♣
#♣S♣♣≈≈≈♣
#♣≈≈≈≈≈≈≈≈≈≈≈≈≈
#♣♣≈≈≈≈≈≈≈≈≈≈≈≈≈≈
♣≈≈≈≈≈≈≈≈≈≈≈≈≈≈≈≈
♣≈≈≈♣≈≈≈≈S≈≈≈≈≈≈≈
♣♣≈♣≈≈≈≈≈≈≈S≈≈≈≈≈≈
♣≈≈@≈≈≈≈≈≈≈≈≈≈≈≈≈≈
#♣♣≈≈≈≈≈≈≈≈≈≈≈≈≈≈≈
♣♣≈≈≈≈≈≈≈≈
≈♣≈≈≈≈≈≈≈ #
≈♣♣♣♣≈≈ #♣ ≈


You could see 2 electric eels.

Vanquished Creatures
  Sigmund (D:5)
  Eustachio (D:3)
  A water moccasin (D:7)
  A sky beast (D:7)
  An ogre (D:7)
  2 phantoms
  A centaur (D:7)
  Blork the orc (D:6)
  A wyvern zombie (D:7)
  3 scorpions
  A bullfrog (D:5)
  A water moccasin zombie (D:4)
  11 killer bees
  2 centaur zombies (D:6)
  A gnoll shaman (D:3)
  4 orc priests
  A hound (D:4)
  2 bullfrog skeletons (D:6)
  A centaur skeleton (D:6)
  A scorpion zombie (D:4)
  An iguana (D:5)
  Natasha (thrice) (D:2)
  3 orc wizards
  2 hound zombies (D:4)
  5 gnolls
  7 adders
  2 shadow imps (D:6)
  2 white imps
  An adder zombie (D:4)
  A worm (D:4)
  3 dart slugs
  20 orcs
  10 bats
  4 endoplasms
  2 giant cockroaches
  6 goblins
  8 hobgoblins
  11 jackals
  2 quokkas
  10 ball pythons
  2 frilled lizards
  A jackal zombie (D:4)
  8 kobolds
  3 rats
155 creatures vanquished.

Vanquished Creatures (others)
  39 plants (D:7)
  5 withered plants (D:4)
44 creatures vanquished.

Grand Total: 199 creatures vanquished

Notes
Turn   | Place    | Note
-------+----------+-------------------------------------------
     0 | Abyss:1  | Gwenloh the Demonspawn Abyssal Knight began the quest for
                  | the Orb.
     0 | Abyss:1  | Reached XP level 1. HP: 18/18 MP: 2/2
    57 | D:1      | Escaped the Abyss
   188 | D:1      | Reached skill level 1 in Dodging
   264 | D:1      | Gained mutation: When seriously injured, your blood forms
                  | armour. (AC +6) [demonic ancestry]
   264 | D:1      | Reached XP level 2. HP: 24/24 MP: 4/4
   712 | D:1      | Reached skill level 3 in Invocations
   767 | D:1      | Gained mutation: You have sharp fingernails. [demonic
                  | ancestry]
   767 | D:1      | Reached XP level 3. HP: 29/29 MP: 5/5
   797 | D:1      | Reached ** piety under Lugonu
  1515 | D:2      | Noticed Natasha
  1523 | D:2      | Killed Natasha
  1550 | D:2      | Gained mutation: You have very sharp fingernails. [demonic
                  | ancestry]
  1550 | D:2      | Reached XP level 4. HP: 15/35 MP: 6/6
  1996 | D:2      | Noticed Natasha
  2307 | D:2      | Killed Natasha
  3089 | D:3      | Gained mutation: You regenerate magic rapidly. [demonic
                  | ancestry]
  3089 | D:3      | Reached XP level 5. HP: 42/42 MP: 7/7
  3363 | D:4      | Reached skill level 1 in Shields
  3363 | D:4      | Reached skill level 4 in Invocations
  3470 | D:4      | Reached XP level 6. HP: 33/48 MP: 9/9
  4105 | D:4      | Reached *** piety under Lugonu
  4239 | D:4      | Reached skill level 5 in Invocations
  4285 | D:4      | Reached XP level 7. HP: 45/55 MP: 10/10
  4655 | D:4      | Noticed Eustachio
  4728 | D:2      | Noticed Natasha
  4733 | D:2      | Killed Natasha
  4849 | D:3      | Killed Eustachio
  4850 | D:3      | Reached skill level 5 in Fighting
  5569 | D:4      | Reached skill level 6 in Invocations
  5920 | D:4      | You fall into a shaft and drop 3 floors!
  5941 | D:7      | Gained mutation: When hurt, damage is shared between your
                  | health and your magic reserves. [demonic ancestry]
  5941 | D:7      | Reached XP level 8. HP: 16/62 MP: 12/12
  6573 | D:6      | Found Puttokk's Assorted Antiques.
  7229 | D:6      | Noticed Blork the orc
  7265 | D:5      | Entered Level 5 of the Dungeon
  8357 | D:5      | Noticed Sigmund
  8367 | D:5      | Killed Sigmund
  8368 | D:5      | Reached skill level 7 in Invocations
  8635 | D:6      | Found a staircase to the Ecumenical Temple.
  8713 | D:6      | Reached skill level 5 in Maces & Flails
  8750 | D:6      | Reached **** piety under Lugonu
  8762 | D:6      | Killed Blork the orc
  9273 | D:7      | Reached XP level 9. HP: 29/69 MP: 10/14
  9632 | D:7      | Reached skill level 8 in Invocations
 10262 | D:7      | HP: 1/71 [electric eel/bolt of electricity (3)]
 10263 | D:7      | Killed from afar by an electric eel

Illustrated notes

Levels and vault maps discovered:
D:1:      psy_arrival_basics, layout_loops_ring
D:2:      layout_basic, amcnicky_mini_pool_small, chequers_arboretum,
          uniq_natasha
D:3:      layout_loops_ring, minmay_misc_feat_alley, palyth_stone_intersect
D:4:      layout_basic, serial_undead, serial_undead_c, serial_undead_b,
          serial_undead_b, serial_undead_d, minmay_misc_feat_x, uniq_eustachio
D:5:      layout_cave_pools, uniq_sigmund
D:6:      layout_loops_cross, temple_doors_e, serial_shops,
          kennysheep_mini_moat, uniq_blork_the_orc
D:7:      layout_basic, chequers_serial_rivers_room_a, grunt_ministairs_6,
          serial_bayou_lake_a

Skill      XL: |  1  2  3  4  5  6  7  8  9 |
---------------+----------------------------+-----
Dodging        | 1 2 3 |  3.9
Maces & Flails | 2 3 4 5 |  5.6
Armour         | 2 3 4 |  4.2
Invocations    | 3 4 5 6 7 8 |  8.2
Shields        | 1 2 3 |  3.6
Fighting       | 4 5 6 |  6.6

Action                   |  1- 3 |  4- 6 |  7- 9 || total
-------------------------+-------+-------+-------++-------
Melee: Mace              |    68 |       |       ||    68
       Whip              |    28 |   162 |   443 ||   633
Throw: Stone             |     6 |    29 |    31 ||    66
       Dart              |       |    20 |    53 ||    73
Invok: Bend Space        |       |     1 |     6 ||     7
       Banish            |       |       |     2 ||     2
Evoke: Wand              |       |       |     1 ||     1
  Use: Scroll            |       |       |    12 ||    12
       Potion            |       |       |     2 ||     2
Armor: Leather armour    |     6 |       |       ||     6
       Ring mail         |    32 |    61 |   147 ||   240
Dodge: Dodged            |    42 |    58 |   185 ||   285
Block: Kite shield       |    14 |    82 |   279 ||   375

Table legend: (Time is in decaauts)
 A = Elapsed time spent in this place.
 B = Non-inter-level travel time spent in this place.
 C = Inter-level travel time spent in this place.
 D = Time resting spent in this place.
 E = Time spent auto-exploring this place.
 F = Levels seen in this place.
 G = Mean time per level.
                   A        B        C        D        E       F      G
               +--------+--------+--------+--------+--------+-----+--------+
         Total |  10450 |  10276 |    174 |   2069 |   5796 |   8 | 1306.2 |
       Dungeon |  10393 |  10219 |    174 |   2069 |   5777 |   7 | 1484.7 |
         Abyss |     57 |     57 |      0 |      0 |     19 |   1 |   57.0 |
               +--------+--------+--------+--------+--------+-----+--------+

Top non-repeatable levels by time:
     D:6: 2164 daAuts
     D:4: 1826 daAuts
     D:3: 1634 daAuts
     D:2: 1458 daAuts
     D:5: 1210 daAuts
     D:1: 1178 daAuts
     D:7: 919 daAuts
 Abyss:1: 57 daAuts
